 Dungeon Crawl Stone Soup version 0.16.2-12-gd0ad4c3 (webtiles) character file.

9488 Lenchen the Cleaver (level 11, -4/104 HPs)
             Began as a Hill Orc Fighter on June 7, 2016.
             Was an Elder of Makhleb.
             Slain by a red ugly thing (21 damage)
             ... on level 11 of the Dungeon.
             The game lasted 00:55:45 (12183 turns).

Lenchen the Cleaver (Hill Orc Fighter)             Turns: 12183, Time: 00:55:45

Health: -4/104     AC: 21    Str: 23    XL:     11   Next: 47%
Magic:  22/22      EV:  4    Int:  8    God:    Makhleb [****..]
Gold:   645        SH: 14    Dex: 10    Spells: 0 memorised, 10 levels left

rFire  . . .     SeeInvis .     H - +0 war axe (flame)
rCold  . . .     Clarity  +     v - +3 chain mail {rPois}
rNeg   . . .     SustAb   .     Y - +0 large shield
rPois  +         Gourm    .     G - +0 helmet
rElec  .         Spirit   .     P - +2 cloak {+Inv}
rCorr  .         Warding  .     y - +0 pair of gloves
rMut   .         Stasis   .     (no boots)
MR     +....                    s - amulet of clarity
Stlth  ..........               (no ring)
                                L - ring of protection from magic

@: somewhat resistant to hostile enchantments, extremely unstealthy
A: no striking features
a: Minor Destruction, Lesser Servant of Makhleb, Major Destruction, Renounce
Religion, Evoke Invisibility


You were on level 11 of the Dungeon.
You worshipped Makhleb.
Makhleb was greatly pleased with you.
You were not hungry.

You visited 2 branches of the dungeon, and saw 12 of its levels.

You collected 645 gold pieces.

Inventory:

Hand weapons
 a - a +1 war axe
 H - a +0 war axe of flaming (weapon)
Armour
 b - a +0 plate armour
 c - a +0 shield
 v - a +3 chain mail of poison resistance (worn)
 y - a +0 pair of gloves (worn)
 G - a +0 helmet (worn)
 P - a +2 cloak of invisibility (worn)
 Y - a +0 large shield (worn)
Jewellery
 r - an uncursed amulet of stasis
 s - an amulet of clarity (around neck)
 t - an uncursed amulet of rage {unknown}
 D - an uncursed amulet of resist mutation
 L - a ring of protection from magic (left hand)
 T - the ring "Apratiko" {+/*Tele Int+3}
   (You found it on level 9 of the Dungeon)

   [ring of teleportation]

   It causes random teleportation, and can be evoked to teleport at will.
   It affects your intelligence (+3).
 W - an uncursed amulet of faith {unknown}
Magical devices
 o - a wand of digging (4)
 q - a wand of flame (16)
 w - a wand of confusion (23)
 J - a wand of slowing (21)
 M - a wand of fireball (3)
 X - a wand of lightning (3)
Scrolls
 f - a scroll of random uselessness {unknown}
 i - a scroll of teleportation
 k - a scroll of fear {unknown}
 u - 5 scrolls of remove curse
 x - 4 scrolls of amnesia {unknown}
 z - 3 scrolls of magic mapping {unknown}
 E - a scroll of enchant armour
 K - 3 scrolls of identify
 V - a scroll of vulnerability {unknown}
Potions
 e - 2 potions of cancellation
 h - 2 potions of curing
 j - 3 potions of haste
 m - a potion of might
 n - a potion of agility {unknown}
 p - 2 potions of restore abilities
 A - a potion of berserk rage {unknown}
 B - 2 potions of heal wounds
 I - a potion of resistance {unknown}
 Q - 2 potions of ambrosia {unknown}
Books
 F - a book of Beasts

   Spells                             Type                      Level
   a - Summon Butterflies             Summoning                    1
   b - Call Canine Familiar           Summoning                    3
   c - Summon Ice Beast               Ice/Summoning                4
   d - Summon Mana Viper              Hexes/Summoning              5
   e - Monstrous Menagerie            Summoning                    6
   f - Summon Hydra                   Summoning                    7
 O - a book of Burglary

   Spells                             Type                      Level
   a - Swiftness                      Charms/Air                   2
   b - Passwall                       Transmutation/Earth          3
   c - Passage of Golubria            Translocation                4
   d - Lee's Rapid Deconstruction     Earth                        5
   e - Invisibility                   Hexes                        6
   f - Darkness                       Hexes                        7
 R - a book of Unlife

   Spells                             Type                      Level
   a - Recall                         Summoning/Translocation      3
   b - Animate Dead                   Necromancy                   4
   c - Control Undead                 Necromancy                   4
   d - Cigotuvi's Embrace             Necromancy                   5
   e - Death Channel                  Necromancy                   6
   f - Simulacrum                     Ice/Necromancy               6
 S - a book of Annihilations {highlevel, unknown}

   This book is beyond your current level of understanding.

   Spells                             Type                      Level
   a - Poison Arrow                   Conjuration/Poison           6
   b - Chain Lightning                Conjuration/Air              8
   c - Lehudib's Crystal Spear        Conjuration/Earth            8
   d - Glaciate                       Conjuration/Ice              9
   e - Fire Storm                     Conjuration/Fire             9
Comestibles
 d - 10 meat rations
 g - 6 bread rations
 l - a slice of pizza
 C - a royal jelly
 N - 7 fruits


   Skills:
 + Level 12.0 Fighting
 + Level 12.5 Axes
 + Level 11.0 Armour
 - Level 3.2 Shields
 + Level 7.2 Invocations


You had 10 spell levels left.
You didn't know any spells.

Dungeon Overview and Level Annotations

Branches:
Dungeon (11/15)            Temple (1/1) D:4
   Lair: D:8-11         Orc: D:9-12

Altars:
Ashenzari
Cheibriados
Dithmenos
Elyvilon
Fedhas
Gozag
Kikubaaqudgha
Makhleb
Nemelex Xobeh
Okawaru
Qazlal
Ru
Sif Muna
Trog
Vehumet
Xom
Yredelemnul
Zin
The Shining One

Annotations:
D:11 Harold, Nessos


Message History

The red ugly thing trunk-slaps you but does no damage.
You closely miss the red ugly thing.
The red ugly thing is almost dead.
You block the red ugly thing's attack.
Your chain mail prevents you from hitting the red ugly thing.
The red ugly thing is almost dead.
The red ugly thing trunk-slaps you.
You are engulfed in flames!
* * * LOW HITPOINT WARNING * * *
Your shield prevents you from hitting the red ugly thing.
The red ugly thing is almost dead.
The red ugly thing trunk-slaps you but does no damage.
Your shield prevents you from hitting the red ugly thing.
The red ugly thing is almost dead.
You block the red ugly thing's attack.
You barely miss the red ugly thing.
The red ugly thing is almost dead.
The red ugly thing trunk-slaps you!
* * * LOW HITPOINT WARNING * * *
You are engulfed in flames!!
You die...

### . ### #..
... ..# #.# ....
#[# #.# .....
#.#
#.###.###......#
#.# #......@u.#
#.#
#########.#####
#.# #.........#
..####.#########
####.........# #
#.#.#####.# #
#.#.# # #.#.# #
#†#.#


You could see a red ugly thing.

Vanquished Creatures
  The ghost of Peloso the Carver, an experienced MiFi of Okawaru (D:10)
  An unseen horror (D:11)
  A wizard (D:10)
  A hill giant (D:9)
  The ghost of P0WERM0DE the Martial Artist, an experienced OpWr of Ashenzari (D:7)
  A cyclops (D:11)
  Joseph (D:7)
  A gargoyle (D:11)
  3 trolls
  Grinder (D:6)
  A basilisk (D:11)
  3 wraiths (D:10)
  7 yaks
  2 wyverns
  Eustachio (D:6)
  A hippogriff (D:10)
  2 porcupines (D:11)
  An eye of draining (D:11)
  4 phantoms
  2 sky beasts
  5 centaurs
  An orc warrior (D:10)
  5 ogres
  Sigmund (D:2)
  2 crocodiles (D:11)
  A big kobold (D:11)
  4 giant frogs
  A scorpion (D:5)
  A quasit (D:9)
  5 goliath beetles
  A crimson imp (D:9)
  3 centaur skeletons
  A giant frog skeleton (D:9)
  5 orc priests
  8 hounds
  2 iguanas
  6 orc wizards
  10 worker ants
  3 sheep (D:11)
  Ijyb (D:2)
  Terence (D:2)
  A worker ant zombie (D:7)
  4 gnolls (D:2)
  A river rat (D:11)
  10 adders
  A shadow imp (D:7)
  3 worms
  An adder skeleton (D:3)
  5 giant geckos
  23 orcs
  A ball python (D:3)
  2 bat skeletons
  7 giant cockroaches
  14 goblins
  12 hobgoblins
  6 jackals
  5 quokkas
  9 bats
  4 giant newts
  A jackal zombie (D:7)
  12 kobolds
  An orc skeleton (D:7)
  8 rats
  2 ballistomycetes (D:9)
236 creatures vanquished.

Vanquished Creatures (others)
  An orc wizard (D:5)
  2 giant spores
  A bush (D:11)
  A fungus (D:11)
  9 plants (D:11)
14 creatures vanquished.

Grand Total: 250 creatures vanquished

Notes
Turn   | Place    | Note
--------------------------------------------------------------
     0 | D:1      | Lenchen, the Hill Orc Fighter, began the quest for the Orb.
     0 | D:1      | Reached XP level 1. HP: 19/19 MP: 1/1
   104 | D:1      | Reached XP level 2. HP: 24/27 MP: 2/2
   116 | D:1      | Found a sparkling altar of Nemelex Xobeh.
   564 | D:2      | Reached skill level 4 in Fighting
   594 | D:2      | Reached XP level 3. HP: 28/33 MP: 3/3
   719 | D:2      | Noticed Ijyb
   740 | D:2      | Killed Ijyb
   740 | D:2      | Reached XP level 4. HP: 25/41 MP: 4/4
  1003 | D:2      | Found a radiant altar of Vehumet.
  1255 | D:2      | Noticed Sigmund
  1261 | D:2      | Killed Sigmund
  1261 | D:2      | Reached XP level 5. HP: 42/47 MP: 5/5
  1285 | D:2      | Noticed Terence
  1301 | D:2      | Killed Terence
  1301 | D:2      | Reached skill level 5 in Fighting
  1429 | D:2      | Reached skill level 5 in Axes
  1622 | D:3      | Reached XP level 6. HP: 56/56 MP: 6/6
  1720 | D:4      | Reached skill level 5 in Armour
  2536 | D:4      | Reached skill level 6 in Fighting
  2536 | D:4      | Reached XP level 7. HP: 49/63 MP: 7/7
  2619 | D:4      | Found a sparkling altar of Nemelex Xobeh.
  2653 | D:4      | Found a glowing golden altar of the Shining One.
  2773 | D:4      | Found a staircase to the Ecumenical Temple.
  2788 | Temple   | Entered the Ecumenical Temple
  2837 | Temple   | Became a worshipper of Makhleb the Destroyer
  3224 | D:4      | Found an opulent altar of Gozag.
  3303 | D:4      | Found a bloodstained altar of Trog.
  3546 | D:5      | Entered Level 5 of the Dungeon
  3581 | D:5      | Found a glowing golden altar of the Shining One.
  3880 | D:5      | Found a shattered altar of Ashenzari.
  3942 | D:5      | Found an ancient bone altar of Kikubaaqudgha.
  4321 | D:5      | Acquired Makhleb's first power
  4321 | D:5      | Reached skill level 7 in Axes
  4429 | D:6      | Reached XP level 8. HP: 39/73 MP: 8/8
  4673 | D:6      | Found a stormy altar of Qazlal.
  4860 | D:6      | Noticed Eustachio
  4895 | D:6      | Killed Eustachio
  4908 | D:6      | Noticed Grinder
  4909 | D:6      | Paralysed by Grinder for 7 turns
  4927 | D:6      | Paralysed by Grinder for 6 turns
  4932 | D:6      | HP: 2/73 [Grinder (3)]
  4934 | D:6      | Paralysed by Grinder for 7 turns
  5416 | D:6      | Reached skill level 8 in Axes
  5718 | D:6      | Paralysed by Grinder for 7 turns
  5952 | D:7      | HP: 3/74 [goliath beetle (11)]
  6235 | D:6      | Paralysed by Grinder for 5 turns
  6246 | D:6      | Killed Grinder
  6397 | D:6      | Reached XP level 9. HP: 77/82 MP: 9/9
  6548 | D:7      | Noticed P0WERM0DE's ghost (experienced OpWr)
  6554 | D:7      | Reached skill level 9 in Axes
  6572 | D:7      | Killed P0WERM0DE's ghost
  6937 | D:7      | Found a basalt altar of Yredelemnul.
  6990 | D:7      | Found a shadowy altar of Dithmenos.
  6993 | D:7      | Noticed Joseph
  7008 | D:7      | Killed Joseph
  7008 | D:7      | Reached skill level 10 in Axes
  7365 | D:7      | Acquired Makhleb's second power
  7789 | D:7      | Found a deep blue altar of Sif Muna.
  8159 | D:8      | Found a blossoming altar of Fedhas.
  8338 | D:8      | Found an opulent altar of Gozag.
  8429 | D:8      | Reached skill level 10 in Fighting
  8858 | D:9      | Found a glowing silver altar of Zin.
  8917 | D:9      | Found an iron altar of Okawaru.
  8954 | D:9      | Reached XP level 10. HP: 93/93 MP: 10/10
  8999 | D:9      | Reached skill level 1 in Invocations
  9142 | D:9      | Acquired Makhleb's third power
  9147 | D:9      | Got a transparent wooden ring
  9148 | D:9      | Identified the ring "Apratiko" {+/*Tele Int+3} (You found it on level 9 of the Dungeon)
 10032 | D:9      | Noticed a hill giant
 10044 | D:9      | Killed a hill giant
 10044 | D:9      | Reached skill level 11 in Axes
 10523 | D:10     | Entered Level 10 of the Dungeon
 10526 | D:10     | Noticed Peloso's ghost (experienced MiFi)
 10560 | D:10     | Killed Peloso's ghost
 10560 | D:10     | Reached skill level 10 in Armour
 10708 | D:10     | Reached skill level 5 in Invocations
 10936 | D:10     | Noticed a wizard
 10954 | D:10     | Killed a wizard
 10954 | D:10     | Reached XP level 11. HP: 102/102 MP: 18/20
 10958 | D:10     | Reached skill level 12 in Axes
 11217 | D:10     | Got a distressingly furry scale mail
 11235 | D:10     | Identified the +1 scale mail "Tien" {rF+ MP+9 Int+2 Dex-4} (You found it on level 10 of the Dungeon)
 11348 | D:11     | Acquired Makhleb's fourth power
 11428 | D:11     | Noticed Nessos
 11440 | D:11     | HP: 5/104 [Nessos/poisoned arrow (6)]
 11844 | D:11     | Killed an unseen horror
 12161 | D:11     | Noticed Harold
 12183 | D:11     | Slain by a red ugly thing

Action                   |  1- 3 |  4- 6 |  7- 9 | 10-12 || total
-------------------------+-------+-------+-------+-------++-------
Melee: War axe           |    83 |   139 |   416 |   314 ||   952
Invok: Major Destruction |       |       |       |     2 ||     2
Evoke: Wand              |       |       |       |     1 ||     1
  Use: Potion            |       |     1 |     3 |     3 ||     7
       Scroll            |       |     8 |     4 |     1 ||    13
  Eat: Chunk             |       |     4 |    22 |    11 ||    37
